 Dungeon Crawl Stone Soup version 0.29-a0-529-gfa20dd96a1 (webtiles) character file.

Game seed: 17783327035944729242

56590 Flugkiller the Severer (level 15, -16/125 HPs)
             Began as a Meteoran Chaos Knight on June 1, 2022.
             Was a Plaything of Xom.
             Demolished by Donald
             ... wielding a +0 broad axe
              (33 damage)
             ... on level 2 of the Orcish Mines.
             The game lasted 00:34:45 (7535 turns).

Flugkiller the Severer (Meteoran Chaos Knight)      Turns: 7535, Time: 00:34:46

Health: -16/125    AC: 25    Str: 22      XL:     15   Next: 65%
Magic:  16/16      EV: 10    Int:  9 (10) God:    Xom [....*.]
Gold:   1909       SH:  0    Dex: 15 (16) Spells: 14/14 levels left

rFire   + . .      SeeInvis .   b - +5 battleaxe (freeze)
rCold   + . .      Faith    .   (shield currently unavailable)
rNeg    . . .      Spirit   .   u - +2 plate armour {rC+}
rPois   +          Reflect  .   d - +1 hat of Duck's Teeth {Fly Regen+ Str-3 Int-5}
rElec   .          Harm     .   W - +2 cloak
rCorr   .          Rampage  .   G - -1 pair of gloves of the Griffon {rF+ Str+6}
Will    ++...      Clarity  +   U - +2 pair of boots {Stlth+}
Stlth   ..........              S - amulet of regeneration
HPRegen 1.90/turn               m - ring of willpower
MPRegen 0.15/turn               o - ring of poison resistance

@: flying, glowing, studying Armour
A: sense surroundings 2, otherworldly, glowing, explore regen, horns 1, clarity,
deterioration 1, frail 1, MP-powered wands
a: Renounce Religion


You were on level 2 of the Orcish Mines.
You worshipped Xom.
You were a beloved toy of Xom.
You visited 3 branches of the dungeon, and saw 19 of its levels.
You also visited: Bailey, Gauntlet and Ice Cave.

You collected 1909 gold pieces.

Inventory:

Hand Weapons
 b - a +5 battleaxe of freezing (weapon)
   (You found it in a Gauntlet)
 k - a +2 vampiric war axe
   (You took it off Urug on level 5 of the Lair of Beasts)
 H - a +1 morningstar of freezing
   (You took it off a wight on level 7 of the Dungeon)
 K - a +0 broad axe
   (You took it off a vault guard in a bailey)
Missiles
 n - 10 curare-tipped darts
 D - 3 throwing nets
 X - 8 silver javelins
Armour
 d - the +1 hat of Duck's Teeth (worn) {Fly Regen+ Str-3 Int-5}
   (You found it in a Gauntlet)

   Str:       It affects your strength (-3).
   Int:       It affects your intelligence (-5).
   Fly:       It grants you flight.
   Regen:     It increases your rate of health regeneration.
 u - a +2 plate armour of cold resistance (worn)
   (You found it on level 1 of the Dungeon)
 G - the -1 pair of gloves of the Griffon (worn) {rF+ Str+6}
   (You found it on level 7 of the Dungeon)

   Str:       It affects your strength (+6).
   rF:        It protects you from fire.
 T - a +1 helmet
   (You found it on level 10 of the Dungeon)
 U - a +2 pair of boots of stealth (worn)
   (You found it on level 10 of the Dungeon)
 W - a +2 cloak (worn)
   (You took it off Maurice on level 10 of the Dungeon)
Jewellery
 i - a ring of see invisible
   (You found it on level 2 of the Dungeon)
 j - a ring of resist corrosion
   (You found it on level 4 of the Dungeon)
 m - a ring of willpower (left hand)
   (Xom gifted it to you on level 10 of the Dungeon)
 o - a ring of poison resistance (right hand)
   (You found it on level 2 of the Lair of Beasts)
 p - a ring of protection from fire
   (You found it on level 1 of the Dungeon)
 C - an amulet of guardian spirit
   (Xom gifted it to you on level 6 of the Dungeon)
 S - an amulet of regeneration (around neck)
   (You found it in a Gauntlet)
Wands
 a - a wand of digging (2)
   (You found it on level 10 of the Dungeon)
 x - a wand of mindburst (6)
   (You took it off Ijyb on level 5 of the Dungeon)
 B - a wand of polymorph (5)
   (You took it off Sonja on level 1 of the Orcish Mines)
 V - a wand of iceblast (9)
   (You took it off Maurice on level 10 of the Dungeon)
 Z - a wand of acid (8)
   (You found it in a Gauntlet)
Scrolls
 e - 6 scrolls of vulnerability
 f - 2 scrolls of immolation
 t - 6 scrolls of teleportation
 y - 3 scrolls of enchant armour
 F - a scroll of fog
 J - a scroll of noise {unknown}
 L - 4 scrolls of fear
 M - a scroll of blinking {unknown}
 O - 3 scrolls of enchant weapon
Potions
 g - 2 potions of flight {unknown}
 h - 5 potions of haste
 l - 2 potions of ambrosia
 q - 6 potions of curing
 r - 2 potions of resistance {unknown}
 s - 3 potions of magic
 v - a potion of brilliance
 z - 5 potions of mutation
 A - 2 potions of berserk rage
 I - 3 potions of attraction
 N - 2 potions of cancellation
 R - 2 potions of invisibility {unknown}
Miscellaneous
 c - a piece from Xom's chessboard (15/15) (quivered)
 P - a phial of floods
   (You found it on level 9 of the Dungeon)
 Q - a phantom mirror (inert)
   (You found it on level 9 of the Dungeon)
 Y - a condenser vane
   (You found it in a Gauntlet)


   Skills:
 + Level 14.8 Fighting
 - Level 20.1 Axes
 + Level 8.2 Throwing
 - Level 11.0 Armour
 - Level 7.0 Dodging
 - Level 8.0 Evocations


You had 14 spell levels left.
You didn't know any spells.
Your spell library contained the following spells:

 Spells                   Type           Power      Damage    Failure   Level
 Apportation              Tloc           0%         N/A       99%         1
 Freeze                   Ice            0%         1d3       99%         1
 Necrotize                Necr           0%         1d4       99%         1
 Summon Small Mammal      Summ           0%         N/A       99%         1
 Blink                    Tloc           0%         N/A       100%        2
 Poisonous Vapours        Pois/Air       0%         N/A       100%        2
 Scorch                   Fire           0%         2d5       100%        2
 Conjure Flame            Conj/Fire      0%         6-21      100%        3
 Frozen Ramparts          Ice            0%         1d2       100%        3
 Ignite Poison            Fire/Tmut/Pois 0%         N/A       100%        3
 Corpse Rot               Necr/Pois/Air  0%         N/A       100%        4
 Flame Wave               Conj/Fire      0%         2d4       100%        4
 Hailstorm                Conj/Ice       0%         3d3       100%        4
 Ice Form                 Ice/Tmut       0%         N/A       100%        4
 Sticky Flame             Conj/Fire      0%         2d3       100%        4
 Alistair's Intoxication  Tmut/Pois      0%         N/A       100%        5
 Manifold Assault         Tloc           0%         N/A       100%        5
 Simulacrum               Ice/Necr       0%         N/A       100%        6
 Summon Cactus Giant      Summ           0%         N/A       100%        6
 Storm Form               Tmut/Air       0%         N/A       100%        7


Dungeon Overview and Level Annotations

Branches:
Dungeon (11/15)            Temple (0/1) D:7            Lair (6/6) D:9
  Swamp (0/4) Lair:4        Slime (0/5) Lair:6          Orc (2/2) D:11
 Bailey (visited)           IceCv (visited)         Gauntlet (visited)
  Snake: Lair:2-4    Spider: Lair:2-4       Elf: Orc:2

Altars:
Dithmenos
Gozag
Kikubaaqudgha
Uskayaw
Xom
The Shining One
Lugonu

Portals:
Abyss: Lair:6

Annotations:
Lair:5 exclusion: oklob plant
Orc:2 Donald


Innate Abilities, Weirdness & Mutations

You passively map the area around you.
You are easily found by Zot.
You glow in the dark.
You regain HP and MP as you explore.
You have a pair of small horns on your head.
You possess an exceptional clarity of mind.
Your body sometimes deteriorates upon taking damage.
You are frail. (-10% HP)
You expend magic power (3 MP) to strengthen your wands.


Message History

Donald says, "I think I hate rivers, but I can't remember why."
The orc warrior hits you from afar with a +0 trident!
Something hits you but does no damage. The orc wizard casts a spell at you.
You resist with almost no effort. Something hits you but does no damage.
The orc wizard gestures wildly while chanting.
The orc wizard flickers and vanishes!
The orc priest attacks as you move away!
The orc priest barely misses you.
Donald casts a spell.
Donald seems to grow stronger.
The orc priest attacks as you move away!
The orc priest hits you but does no damage.
You barely miss the orc priest.
You headbutt the orc priest, but do no damage.
The orc priest looks braver for a moment.
You slash the orc priest! You freeze the orc priest.
The orc priest is severely wounded.
The orc priest closely misses you.
You slice the orc priest!! You freeze the orc priest.
You kill the orc priest!
You slash Donald! You freeze Donald.
Donald is lightly wounded.
You barely miss something. Donald hits you with a +0 broad axe.
Something hits you but does no damage.
Press: ? - help, v - describe, . - travel, g - get item
Here: Donald, wielding a +0 broad axe, wearing a +2 plate armour of fire resistance and wearing a +0 kite shield (lightly wounded, fast, strong)
Items here: a +0 short sword; a +0 scale mail; an orc corpse.
The floor, spattered with blood.
Unknown command.
Unknown command.
Unknown command.
Okay, then.
You don't know any spells.
Unknown command.
Aiming: Phantom Mirror
Press: ? - help, Dir - move target, f - Donald
Aim: Donald, wielding a +0 broad axe, wearing a +2 plate armour of fire resistance and wearing a +0 kite shield (lightly wounded, fast, strong)
You reflect Donald with the mirror!
The mirror clouds!
Donald blocks Donald's attack.
Donald barely misses the orc warrior.
Donald closely misses something.
Donald says, "Xom?
Are you insane?" Donald hits you with a +0 broad axe!!
Your body deteriorates!
You feel clumsy.
Donald hits Donald but does no damage.
The orc warrior hits you but does no damage.
Something hits you but does no damage.
Unknown command.
Donald blocks your attack.
Donald is lightly wounded.
You closely miss something.
Donald blocks Donald's attack.
Donald hits something with a +0 broad axe.
Donald hits the orc high priest with a +0 broad axe!!
Donald hits the orc warrior but does no damage.
Donald hits you with a +0 broad axe!
Donald hits Donald but does no damage.
Donald blocks Donald's attack.
Donald hits something with a +0 broad axe!
Reactivating autopickup.
You feel a bit more experienced.
Donald closely misses the orc high priest.
Donald completely misses the orc warrior.
Donald hits you with a +0 broad axe!!
* * * LOW HITPOINT WARNING * * *
Donald hits Donald with a +0 broad axe!!
Unknown command.
Unknown command.
You feel much better. The orc warrior misses you.
The orc high priest prays to Beogh.
Donald says, "You're really ugly.
Did you know that?" Donald hits you with a +0 broad axe!!
* * * LOW HITPOINT WARNING * * *
Your body deteriorates!
You feel dopey.
Donald hits Donald with a +0 broad axe!
Donald barely misses Donald.
Donald hits the orc high priest with a +0 broad axe.
Donald hits the orc warrior with a +0 broad axe!
Donald blocks your attack.
Your headbutt misses Donald.
Donald is lightly wounded.
Donald hits you with a +0 broad axe!
* * * LOW HITPOINT WARNING * * *
Donald hits Donald with a +0 broad axe!
The orc warrior hits you but does no damage.
Donald completely misses Donald.
Donald hits the orc high priest with a +0 broad axe!!
Donald hits the orc warrior with a +0 broad axe!!
The orc warrior dies!
The orc high priest mumbles some strange prayers to Beogh.
Send 'em back where they came from!
Donald shimmers and vanishes!
The orc high priest shouts!
As you read the scroll of fear, it crumbles to dust.
You assume a fearsome visage.
The orc high priest looks frightened!
The orc priest looks frightened!
The ice devil looks frightened!
The smoke demon looks frightened!
Donald resists with almost no effort.
You hear a shout! x3
Donald hits you with a +0 broad axe.
* * * LOW HITPOINT WARNING * * *
Donald hits you with a +0 broad axe!!
You die...
Xom titters!

#.........# * *#......
#.........# * * ####...
.........# ##.# ......... ###
* ######....o### ##. ,
,.............# #..
.......))).#### #.. ,
.......).@.##.## ### ###. ,
...........#@..# ##.####...
..$.......)@)..####*...##....
,,,
.......3o.......#.###.##.....
,..$......o..#.......#.#......
,
.......................#.....
,
.......4....##.#.##.#........
.............#########..#....
............# #...####
...........## ##.## #.


You could see Donald (fast, strong), an orc high priest (fleeing), an ice devil
(summoned, fleeing), a smoke demon (summoned, fleeing) and an orc priest
(fleeing).

Vanquished Creatures
  A minotaur (Gauntlet)
  5 hydras
  2 vault guards (Bailey)
  3 two-headed ogres
  3 death yaks (Lair:5)
  3 thrashing horrors (Lair:6)
  Urug (Lair:5)
  Sonja (Orc:1)
  Lodul (D:10)
  A large abomination (Lair:6)
  An orc knight (Orc:1)
  2 orc sorcerers (Orc:2)
  A manticore (D:11)
  3 ugly things
  3 black mambas
  18 elephants
  Maurice (D:10)
  An unseen horror (shapeshifter) (Gauntlet)
  3 ice statues
  10 cane toads
  An unseen horror (D:11)
  2 torpor snails (Lair:2)
  4 rime drakes
  Psyche (D:8)
  8 komodo dragons
  A queen bee (shapeshifter) (Gauntlet)
  2 ancient zymes (Lair:6)
  An ice devil (Gauntlet)
  A meliai (shapeshifter) (D:9)
  4 trolls
  2 polar bears (Lair:6)
  A hornet (shapeshifter) (Gauntlet)
  25 blink frogs
  Prince Ribbit (D:5)
  3 dream sheep (Lair:2)
  A shadow (D:9)
  2 jumping spiders (shapeshifter)
  Sigmund (D:3)
  3 wyverns
  A ynoxinul (Lair:6)
  4 chaos spawn (Lair:6)
  5 humans (Bailey)
  47 yaks
  A steam dragon (Bailey)
  2 basilisks (Lair:3)
  2 wargs (Orc:1)
  A swamp worm (Lair:4)
  10 water moccasins
  12 orc warriors
  A swamp drake (D:9)
  A sky beast (D:6)
  2 black bears
  12 ogres
  5 wolves (Lair:3)
  A boggart (D:7)
  A phantom (D:7)
  2 kobold brigands
  20 bullfrogs
  A gnoll sergeant (D:9)
  2 scorpions
  2 cane toad simulacra (IceCv)
  A two-headed ogre simulacrum (IceCv)
  3 wights (D:7)
  11 small abominations (Lair:6)
  5 killer bees (D:9)
  An elephant simulacrum (IceCv)
  An electric eel (Lair:3)
  2 howler monkeys
  3 jellies
  6 orc priests
  A gnoll shaman (D:4)
  4 hounds
  3 iguanas
  Ijyb (D:5)
  Terence (D:2)
  13 orc wizards
  13 hell rats
  A polar bear simulacrum (IceCv)
  3 spriggan simulacra (D:11)
  Robin (D:3)
  11 gnolls
  A naga simulacrum (D:11)
  6 adders
  12 river rats (Lair:2)
  2 shadow imps
  6 white imps
  An ufetubus (IceCv)
  A worm (D:2)
  2 dart slugs
  46 orcs
  3 ball pythons
  A bat (D:2)
  2 endoplasms
  4 giant cockroaches
  16 goblins
  9 hobgoblins
  13 jackals
  2 quokkas
  3 frilled lizards
  A goblin skeleton (D:8)
  3 hobgoblin zombies (D:8)
  14 kobolds
  2 kobold skeletons (D:8)
  2 kobold zombies (D:8)
  An orc skeleton (D:8)
  2 orc zombies (D:8)
  A rat (D:3)
504 creatures vanquished.

Vanquished Creatures (collateral kills)
  A chaos spawn (Lair:6)
  An orc warrior (Orc:2)
  An orc priest (D:6)
  A gnoll shaman (D:6)
  An orc wizard (Orc:2)
  A gnoll (D:6)
  2 orcs (D:6)
8 creatures vanquished.

Vanquished Creatures (others)
  3 orc wizards
  A gnoll (D:6)
  21 fungi
  22 plants
47 creatures vanquished.

Grand Total: 559 creatures vanquished

Notes
Turn   | Place    | Note
-------+----------+-------------------------------------------
     0 | D:1      | Flugkiller the Meteoran Chaos Knight began the quest for
                  | the Orb.
     0 | D:1      | Reached XP level 1. HP: 19/19 MP: 2/2
    91 | D:1      | Reached XP level 2. HP: 19/26 MP: 3/3
   167 | D:1      | Found a faded altar of an unknown god.
   253 | D:1      | Reached XP level 3. HP: 32/33 MP: 4/4
   334 | D:3      | XOM: cast spell 'Olgreb's Toxic Radiance'
   337 | D:3      | Found an opulent altar of Gozag.
   462 | D:2      | Noticed Terence
   474 | D:2      | XOM: potion effect (brilliance)
   478 | D:2      | XOM: swap monsters
   488 | D:2      | Killed Terence
   489 | D:2      | Reached XP level 4. HP: 26/41 MP: 5/5
   599 | D:3      | XOM: silly message
   682 | D:3      | XOM: swap monsters
   716 | D:3      | Noticed Sigmund
   719 | D:3      | XOM: silly message
   734 | D:3      | Killed Sigmund
   735 | D:3      | Reached skill level 5 in Fighting
   735 | D:3      | Reached XP level 5. HP: 46/48 MP: 6/6
   735 | D:3      | Reached XP level 6. HP: 53/56 MP: 7/7
   747 | D:3      | Reached skill level 5 in Armour
   788 | D:3      | Noticed Robin
   793 | D:3      | Killed Robin
  1079 | D:3      | XOM: 8-stop teleportation journey
  1213 | D:4      | Reached XP level 7. HP: 37/62 MP: 8/8
  1222 | D:4      | XOM: chaos upgrade
  1293 | D:4      | XOM: chaos cloud
  1296 | D:4      | XOM: scenery: 1 doors open
  1304 | D:4      | XOM: give mutations
  1304 | D:4      | Gained mutation: Your spells are a little harder to cast,
                  | but a little more powerful. [Xom's mischief]
  1304 | D:4      | Gained mutation: You have a pair of small horns on your
                  | head. [Xom's mischief]
  1393 | D:4      | XOM: draining
  1498 | D:5      | Entered Level 5 of the Dungeon
  1498 | D:5      | Noticed Ijyb
  1508 | D:5      | XOM: smoke on damage
  1511 | D:5      | XOM: give mutation
  1511 | D:5      | Gained mutation: Your body sometimes deteriorates upon
                  | taking damage. [Xom's mischief]
  1519 | D:5      | Killed Ijyb
  1520 | D:5      | Reached XP level 8. HP: 24/65 MP: 9/9
  1559 | D:5      | XOM: 1-stop teleportation journey
  1563 | D:5      | XOM: chaos upgrade
  1672 | D:4      | XOM: god gift: war axe {god gift}
  1791 | D:5      | Noticed Prince Ribbit
  1809 | D:5      | Killed Prince Ribbit
  1889 | D:6      | Reached skill level 4 in Axes
  1906 | D:6      | XOM: summons 6 friendly demons
  1912 | D:6      | XOM: smoke on damage
  1916 | D:6      | HP: 2/74 [gnoll/+0 spear[a gnoll shaman] (5)]
  1928 | D:6      | Reached skill level 5 in Axes
  2021 | D:5      | XOM: confuse monster(s)
  2023 | D:5      | XOM: swap monsters
  2031 | D:5      | Gained mutation: You passively map the area around you.
                  | [Meteoran growth]
  2031 | D:5      | Reached XP level 9. HP: 40/81 MP: 10/10
  2104 | D:6      | Reached skill level 6 in Axes
  2127 | D:6      | XOM: divination: magic mapping
  2210 | D:6      | XOM: god gift: dented sapphire amulet {god gift}
  2408 | D:6      | Reached skill level 7 in Axes
  2471 | D:7      | Identified the -1 pair of gloves of the Griffon {rF+ Str+6}
  2481 | D:7      | XOM: swap monsters
  2485 | D:7      | Reached skill level 8 in Axes
  2513 | D:7      | Found a staircase to the Ecumenical Temple.
  2539 | D:7      | Found a shadowy altar of Dithmenos.
  2540 | D:7      | Found a hide-covered altar of Uskayaw.
  2540 | D:7      | Found an ancient bone altar of Kikubaaqudgha.
  2618 | D:7      | Reached skill level 9 in Axes
  2680 | D:8      | Noticed a purple ugly thing
  2685 | D:8      | XOM: enchant monster (good)
  2689 | D:8      | Killed a purple ugly thing
  2690 | D:8      | Reached skill level 10 in Axes
  2782 | D:8      | Reached XP level 10. HP: 88/88 MP: 9/11
  2876 | D:9      | Found a flagged portal.
  2885 | Bailey   | Entered a bailey
  2894 | Bailey   | Reached skill level 11 in Axes
  2932 | Bailey   | Reached skill level 12 in Axes
  2952 | Bailey   | XOM: polymorph bullfrog -> steam dragon
  2965 | Bailey   | Reached skill level 13 in Axes
  3010 | Bailey   | Noticed a vault guard
  3016 | Bailey   | XOM: noise
  3026 | Bailey   | XOM: confuse monster(s)
  3043 | Bailey   | Noticed a vault guard
  3046 | Bailey   | Killed a vault guard
  3047 | Bailey   | Reached skill level 14 in Axes
  3047 | Bailey   | Reached XP level 11. HP: 83/94 MP: 12/12
  3056 | Bailey   | XOM: enchant monster (good)
  3062 | Bailey   | Killed a vault guard
  3063 | Bailey   | Reached skill level 15 in Axes
  3218 | D:10     | Entered Level 10 of the Dungeon
  3218 | D:10     | Noticed a two-headed ogre
  3227 | D:10     | Killed a two-headed ogre
  3329 | D:10     | Reached skill level 16 in Axes
  3333 | D:10     | XOM: fake destruction
  3336 | D:10     | XOM: god gift: ring of willpower
  3415 | D:10     | Noticed Lodul
  3426 | D:10     | XOM: cleaving
  3433 | D:10     | Killed Lodul
  3434 | D:10     | Reached skill level 17 in Axes
  3472 | D:10     | Noticed Maurice
  3493 | D:10     | Killed Maurice
  3596 | D:9      | Noticed a two-headed ogre
  3604 | D:9      | Killed a two-headed ogre
  3605 | D:9      | Reached XP level 12. HP: 101/101 MP: 13/13
  3635 | D:9      | Reached skill level 18 in Axes
  3640 | D:9      | XOM: polymorph komodo dragon -> shapeshifter
  3641 | D:9      | XOM: fog
  3660 | D:9      | Noticed a two-headed ogre
  3677 | D:9      | XOM: silly message
  3692 | D:9      | XOM: swap monsters
  3771 | D:8      | Noticed Psyche
  3771 | D:8      | XOM: scenery: create altars
  3783 | D:8      | Killed Psyche
  3808 | D:8      | Found a glowing golden altar of the Shining One.
  3970 | D:8      | XOM: confusion
  3977 | D:8      | XOM: potion effect (magic)
  3985 | D:8      | Reached skill level 19 in Axes
  3988 | D:8      | XOM: potion effect (brilliance)
  3995 | D:8      | XOM: potion effect (brilliance)
  3996 | D:8      | XOM: potion effect (curing)
  4155 | D:11     | Found a staircase to the Orcish Mines.
  4229 | D:11     | Found a gate leading to a gauntlet.
  4241 | D:11     | Found a frozen archway.
  4249 | Gauntlet | Entered a Gauntlet
  4249 | Gauntlet | Found a transporter.
  4249 | Gauntlet | Found a runed translucent door.
  4249 | Gauntlet | Found a transporter.
  4250 | Gauntlet | Found a runed translucent door.
  4251 | Gauntlet | Found a transporter.
  4251 | Gauntlet | Found a transporter.
  4273 | Gauntlet | Found a transporter.
  4296 | Gauntlet | Identified the +1 hat of Duck's Teeth {Fly Regen+ Str-3
                  | Int-5}
  4307 | Gauntlet | Found a transporter.
  4308 | Gauntlet | Noticed a catoblepas
  4310 | Gauntlet | Found a transporter.
  4312 | Gauntlet | Found a transporter.
  4313 | Gauntlet | Found a transporter.
  4313 | Gauntlet | Found a transporter.
  4339 | Gauntlet | Noticed a fire crab
  4352 | Gauntlet | Noticed a death yak
  4352 | Gauntlet | Noticed a necromancer
  4353 | Gauntlet | Noticed a death drake
  4354 | Gauntlet | Found a runed translucent gate.
  4354 | Gauntlet | Found a runed translucent gate.
  4354 | Gauntlet | Found a runed translucent gate.
  4354 | Gauntlet | Noticed a death yak
  4354 | Gauntlet | Noticed a death yak
  4355 | Gauntlet | Noticed a death yak
  4355 | Gauntlet | Noticed a death yak
  4355 | Gauntlet | a death drake changed into a mana viper
  4356 | Gauntlet | Noticed a death yak
  4364 | Gauntlet | a fire crab changed into an unseen horror
  4374 | Gauntlet | Found a transporter.
  4401 | Gauntlet | Identified the ring "Koleess" {Contam rN++ MP+9}
  4409 | Gauntlet | Found a transporter.
  4445 | Gauntlet | Noticed a minotaur
  4445 | Gauntlet | Found the +3 warlock's mirror {reflect}
  4452 | Gauntlet | Killed a minotaur
  4453 | Gauntlet | Reached skill level 20 in Axes
  4492 | IceCv    | Entered an ice cave
  4540 | IceCv    | XOM: divination: magic mapping
  4610 | IceCv    | Noticed a reaper
  4630 | IceCv    | XOM: confuse monster(s)
  4675 | IceCv    | XOM: enchant monster (good)
  4693 | D:11     | XOM: potion effect (heal wounds)
  4696 | D:11     | Reached XP level 13. HP: 100/107 MP: 14/14
  4859 | D:9      | Killed a two-headed ogre
  4916 | D:9      | Found a staircase to the Lair.
  4942 | Lair:1   | Entered Level 1 of the Lair of Beasts
  4952 | Lair:1   | Noticed a six-headed hydra
  4961 | Lair:1   | Killed a six-headed hydra
  5043 | Lair:3   | XOM: potion effect (brilliance)
  5049 | Lair:3   | XOM: divination: magic mapping
  5064 | Lair:3   | Reached skill level 10 in Armour
  5096 | Lair:3   | XOM: confuse monster(s)
  5156 | Lair:2   | XOM: enchant monster (bad)
  5164 | Lair:2   | Reached skill level 10 in Fighting
  5164 | Lair:2   | Reached skill level 1 in Evocations
  5173 | Lair:3   | XOM: enchant monster (good)
  5232 | Lair:3   | Noticed a seven-headed hydra
  5243 | Lair:3   | Killed a seven-headed hydra
  5251 | Lair:3   | Reached skill level 5 in Evocations
  5373 | Lair:2   | Reached XP level 14. HP: 122/124 MP: 15/15
  5408 | Lair:2   | Found a shimmering altar of Xom.
  5410 | Lair:2   | XOM: enchant monster (good)
  5502 | Lair:1   | XOM: divination: magic mapping
  5679 | Lair:4   | XOM: cast spell 'Olgreb's Toxic Radiance'
  5737 | Lair:3   | XOM: repel stairs
  5792 | Lair:5   | XOM: give mutations
  5792 | Lair:5   | Gained mutation: You are frail. (-10% HP) [Xom's mischief]
  5792 | Lair:5   | Gained mutation: Armour fits poorly on your strangely
                  | shaped body. [Xom's mischief]
  5800 | Lair:5   | XOM: give mutations
  5800 | Lair:5   | Lost mutation: You are frail. (-10% HP) [Xom's mischief]
  5800 | Lair:5   | Lost mutation: Your spells are a little harder to cast, but
                  | a little more powerful. [Xom's mischief]
  5800 | Lair:5   | Lost mutation: Armour fits poorly on your strangely shaped
                  | body. [Xom's mischief]
  5800 | Lair:5   | Gained mutation: You are frail. (-10% HP) [Xom's mischief]
  5804 | Lair:5   | XOM: noise
  5873 | Lair:5   | Noticed Urug
  5885 | Lair:5   | XOM: divination: detect items
  5896 | Lair:5   | Killed Urug
  5903 | Lair:5   | XOM: 3-stop teleportation journey
  5979 | Lair:5   | Reached skill level 1 in Throwing
  6034 | Lair:6   | Entered Level 6 of the Lair of Beasts
  6076 | Lair:6   | XOM: confuse monster(s)
  6084 | Lair:6   | XOM: cast spell 'Olgreb's Toxic Radiance'
  6093 | Lair:6   | XOM: 4-stop teleportation journey
  6158 | Lair:6   | Found a staircase to the Slime Pits.
  6184 | Lair:6   | XOM: scenery: summon butterflies
  6200 | Lair:6   | XOM: scenery: create altars
  6381 | Lair:6   | Reached skill level 5 in Dodging
  6387 | Lair:6   | XOM: 6-stop teleportation journey
  6486 | Lair:6   | XOM: enchant monster (good)
  6490 | Lair:6   | XOM: potion effect (haste)
  6504 | Lair:6   | Reached XP level 15. HP: 74/123 MP: 16/16
  6544 | Lair:6   | XOM: summons 9 friendly demons
  6561 | Lair:6   | XOM: enchant monster (bad)
  6565 | Lair:6   | Reached skill level 5 in Throwing
  6606 | Lair:6   | XOM: confuse monster(s)
  6627 | Lair:6   | Found a corrupted altar of Lugonu.
  6627 | Lair:6   | Found a one-way gate to the infinite horrors of the Abyss.
  6705 | Lair:6   | Identified the +7 hand crossbow of the Beginning {vorpal,
                  | *Corrode Int+10}
  6824 | Lair:5   | XOM: potion effect (haste)
  6981 | Lair:4   | XOM: scenery: summon butterflies
  6999 | Lair:4   | Found a staircase to the Swamp.
  7205 | D:9      | XOM: give mutations
  7205 | D:9      | Gained mutation: You possess an exceptional clarity of
                  | mind. [Xom's grace]
  7205 | D:9      | Gained mutation: You expend magic power (3 MP) to
                  | strengthen your wands. [Xom's grace]
  7252 | Orc:1    | Entered Level 1 of the Orcish Mines
  7252 | Orc:1    | Noticed Sonja
  7257 | Orc:1    | Killed Sonja
  7293 | Orc:2    | Entered Level 2 of the Orcish Mines
  7303 | Orc:2    | XOM: scenery: create altars
  7339 | Orc:2    | XOM: polymorph orc warrior -> hound
  7518 | Orc:2    | Noticed Donald
  7535 | Orc:2    | Demolished by Donald

Illustrated notes

Levels and vault maps discovered:
D:1:      mrwooster_arrival_statue_3, layout_basic, serial_rivers,
          chequers_serial_rivers_marsh, chequers_serial_rivers_marsh,
          chequers_serial_rivers_micro_a, chequers_serial_rivers_micro_e,
          chequers_serial_rivers_micro_e, hellmonk_ecumenical_altar_blasted,
          minmay_ruptured
D:2:      layout_basic, minmay_close_crescents, uniq_terence,
          uniq_crazy_yiuf_cottage
D:3:      layout_basic, mainiacjoe_overflow_tiny_flanked, uniq_robin,
          uniq_sigmund, uniq_grinder
D:4:      minmay_opposing_rooms, layout_basic, guppyfry_early_lair_pool
D:5:      layout_basic, gammafunk_temple_overflow_elements, uniq_ijyb,
          uniq_prince_ribbit1
D:6:      layout_gridville, bh_walls_and_bars
D:7:      layout_basic, chequers_temple_overflow_statue_of_worship,
          minmay_temple_entry_mist, nicolae_sextant
D:8:      layout_basic, nicolae_tso_besieged_by_evil,
          chequers_serial_rivers_marsh, uniq_psyche
D:9:      layout_small_grid, erik_lair_dragon, enter_bailey_2
D:10:     layout_long_grid, uniq_maurice, uniq_lodul
D:11:     layout_loops_ring, orc_0_dummy, portal_ice_cave_entry_ice_simulacra,
          gauntlet_entry_generic, nicolae_sif_muna_condensation
Lair:1:   layout_big_grid, gammafunk_ghost_grave
Lair:2:   layout_gridlike, basic_altar, st_stairs_5,
          chequers_serial_rivers_micro_c, kennysheep_rathole,
          grunt_megastairs_1, lemuel_fruit_fields
Lair:3:   layout_cave_shapes, minivault_27, serial_bayou_shore_b,
          infiniplex_staircase_pool, lemuel_fruit_fields, lemuel_fruit_tree
Lair:4:   layout_roguey, palyth_hydra_swamp_entry,
          nicolae_spider_entry_orb_guardian, grunt_megastairs_4,
          infiniplex_staircase_pool_2
Lair:5:   layout_cave_pods, grunt_megastairs_3, uniq_urug
Lair:6:   hellmonk_lair_end_abyssal_woods, layout_regular_city,
          nicolae_slime_entry_slimehenge, serial_bayou_shore_b
Orc:1:    layout_caves, uniq_sonja
Orc:2:    st_orc_congregation, layout_diamond_mine, uniq_donald

Skill      XL: |  1  2  3  4  5  6  7  8  9 10 11 12 13 14 15 |
---------------+----------------------------------------------+-----
Dodging        | 2 5 7 |  7.0
Fighting       | 4 5 6 7 8 11 13 14 | 14.8
Armour         | 3 4 5 6 7 8 11 | 11.0
Axes           | 5 10 14 17 20 | 20.1
Evocations     | 5 8 |  8.0
Throwing       | 4 8 |  8.2

Action                   |  1- 3 |  4- 6 |  7- 9 | 10-12 | 13-15 || total
-------------------------+-------+-------+-------+-------+-------++-------
Melee: Hand axe          |    58 |     4 |    15 |       |       ||    77
       Punch             |     1 |     2 |     5 |     6 |       ||    14
       Flail             |       |   106 |   116 |       |       ||   222
       Headbutt          |       |       |    40 |   108 |   127 ||   275
       War axe           |       |       |   123 |   398 |       ||   521
       Battleaxe         |       |       |       |    37 |   534 ||   571
       Morningstar       |       |       |       |       |    17 ||    17
Evoke: Piece from Xom's  |       |     3 |       |     6 |       ||     9
       Wand              |       |       |     1 |     1 |       ||     2
       Phantom mirror    |       |       |       |     1 |     1 ||     2
       Condenser vane    |       |       |       |     1 |       ||     1
  Use: Potion            |     2 |     1 |     8 |     1 |     1 ||    13
       Scroll            |       |       |    14 |     6 |     5 ||    25
 Stab: Confused          |     2 |       |     1 |     1 |     5 ||     9
       Paralysed         |       |     1 |     4 |     6 |     1 ||    12
       Petrified         |       |       |     3 |     1 |       ||     4
       Petrifying        |       |       |     1 |     1 |       ||     2
       Sleeping          |       |       |     1 |       |       ||     1
       Distracted        |       |       |       |       |     1 ||     1
Armor: Leather armour    |    14 |       |       |       |       ||    14
       Plate armour      |    30 |   182 |   329 |   212 |   383 ||  1136
Dodge: Dodged            |    30 |    36 |    98 |   121 |   192 ||   477

Table legend: (Time is in decaauts)
 A = Elapsed time spent in this place.
 B = Non-inter-level travel time spent in this place.
 C = Inter-level travel time spent in this place.
 D = Time resting spent in this place.
 E = Time spent auto-exploring this place.
 F = Levels seen in this place.
 G = Mean time per level.
                   A        B        C        D        E       F      G
               +--------+--------+--------+--------+--------+-----+--------+
         Total |   7332 |   6791 |    541 |      0 |     24 |  22 |  333.3 |
       Dungeon |   4409 |   4065 |    344 |      0 |     24 |  11 |  400.8 |
          Lair |   2027 |   1830 |    197 |      0 |      0 |   6 |  337.8 |
  Orcish Mines |    256 |    256 |      0 |      0 |      0 |   2 |  128.0 |
        Bailey |    242 |    242 |      0 |      0 |      0 |   1 |  242.0 |
      Ice Cave |    187 |    187 |      0 |      0 |      0 |   1 |  187.0 |
      Gauntlet |    208 |    208 |      0 |      0 |      0 |   1 |  208.0 |
               +--------+--------+--------+--------+--------+-----+--------+

Top non-repeatable levels by time:
  Lair:6: 678 daAuts
     D:9: 633 daAuts
     D:3: 479 daAuts
     D:6: 472 daAuts
     D:4: 459 daAuts
     D:5: 408 daAuts
  Lair:2: 394 daAuts
    D:10: 389 daAuts
  Lair:5: 366 daAuts
     D:7: 356 daAuts
     D:2: 350 daAuts
     D:8: 324 daAuts
     D:1: 313 daAuts
  Lair:3: 284 daAuts
  Bailey: 242 daAuts
